 Dungeon Crawl Stone Soup version 0.29.1-15-g9cfb28693d (webtiles) character file.

Game seed: 12567345955379737953

246 Carnifexus the Shield-Bearer (level 5, -3/41 HPs)
             Began as a Demonspawn Fighter on Mar 23, 2023.
             Slain by an orc
             ... wielding a +0 morningstar
              (5 damage)
             ... on level 4 of the Dungeon.
             The game lasted 00:06:26 (3302 turns).

Carnifexus the Shield-Bearer (Demonspawn Fighter)   Turns: 3302, Time: 00:06:26

Health: -3/41      AC: 13    Str: 18    XL:     5   Next: 84%
Magic:  0/5        EV:  5    Int: 10    God:
Gold:   48         SH:  0    Dex: 12    Spells: 4/4 levels left

rFire   . . .      SeeInvis .   p - +3 dagger (drain)
rCold   . . .      Faith    .   c - +0 buckler
rNeg    . . .      Spirit   +   q - +0 plate armour
rPois   .          Reflect  .   (no helmet)
rElec   .          Harm     .   (no cloak)
rCorr   .          Rampage  .   j - +0 pair of gloves
Will    .....                   (no boots)
Stlth   ..........              (no amulet)
HPRegen 0.13/turn               (no ring)
MPRegen 0.18/turn               (no ring)

@: confused
A: ignite blood 1, magic shield, magic regeneration, sharp scales 1
a: no special abilities


You were on level 4 of the Dungeon.
You visited 1 branch of the dungeon, and saw 4 of its levels.

You collected 48 gold pieces.

Inventory:

Hand Weapons
 a - a +0 war axe
 n - a +0 short sword of speed
 p - a +3 dagger of draining (weapon)
Missiles
 k - 6 atropa-tipped darts (quivered)
Armour
 b - a +0 scale mail
 c - a +0 buckler (worn)
 j - a +0 pair of gloves (worn)
 o - a +0 chain mail
 q - a +0 plate armour (worn)
Jewellery
 h - an amulet of faith
 i - an amulet of magic regeneration
Scrolls
 e - a scroll of fear {unknown}
 g - a scroll of enchant weapon
 r - a scroll of amnesia {unknown}
 s - 3 scrolls of fog {unknown}
 u - a scroll of identify {unknown}
Potions
 d - 2 potions of might
 f - a potion of curing {unknown}
 l - a potion of resistance {unknown}
 m - a potion of brilliance {unknown}
 t - a potion of heal wounds {unknown}


   Skills:
 + Level 3.4 Fighting
 + Level 0.8 Short Blades
 + Level 3.6 Axes
 + Level 3.7 Armour
 + Level 0.3 Dodging
 + Level 3.8 Shields


You had 4 spell levels left.
You didn't know any spells.
Your spell library was empty.

Dungeon Overview and Level Annotations

Branches:
Dungeon (4/15)
 Temple: D:4-7

Altars:
Xom


Innate Abilities, Weirdness & Mutations

Your demonic aura sometimes causes spilled blood to erupt in flames.
When hurt, damage is shared between your health and your magic reserves.
You regenerate magic rapidly.
You are partially covered in razor-sharp scales. (AC +1, Slay +1)


Message History

You hit the quokka.
You kill the quokka!
You see here a +0 war axe.
An orc wizard comes into view. It is wielding a +0 dagger.
An orc priest and an orc come into view.
The orc wizard shouts!
The orc priest shouts!
The orc shouts!
An orc comes into view. It is wielding a +0 morningstar.
The orc shouts!
An orc comes into view. It is wielding a +0 flail.
An ogre comes into view. It is wielding a +0 giant spiked club.
You barely miss the orc wizard.
The ogre shouts!
The orc hits you with a +0 flail.
The orc priest hits you with a +0 flail.
The orc wizard gestures at you while chanting.
You are confused.
The orc attacks as you move away! The orc hits you with a +0 morningstar!
The orc completely misses you.
The orc wizard hits you but does no damage.
You're too confused to move!
The orc hits you with a +0 flail. The orc hits you with a +0 morningstar!
The orc wizard hits you but does no damage.
The orc attacks as you move away! The orc hits you with a +0 morningstar.
* * * LOW HITPOINT WARNING * * *
The orc attacks as you move away! The orc hits you with a +0 flail.
* * * LOW HITPOINT WARNING * * *
You feel less confused.
You closely miss the orc wizard. The orc hits you with a +0 flail!
* * * LOW HITPOINT WARNING * * *
The orc wizard hits you but does no damage.
As you read the scroll labelled HIACZO LIS VOAQ, it crumbles to dust.
It is a scroll of enchant weapon.
Your +2 dagger of draining glows red for a moment.
The orc hits you but does no damage. The orc barely misses you.
The orc wizard casts a spell at you.
You are confused.
You are too confused!
You miss the orc wizard. The orc barely misses you.
The orc hits you with a +0 morningstar.
You die...

#. # #### #.##. .# #...
.. .. ..# . #.. #.
#.####..#.. ##.#.#.####.
.........
.<....o.....###.#.#..#
.#.#....# #......#...##
.##......##.###oo.#...#
.##...........Oo@....#
... ...........oo...##
...................## #
.#..........#.##....# #.
.##........##.##.###.#.#
.# #.....#. #.##.## #..#
.# ...##. #.##..###..#
.# #.# #.#...#.#.##..#
.## ... ..###.#..#


You could see an ogre, an orc priest, an orc wizard and 3 orcs.

Vanquished Creatures
  An orc priest (D:4)
  A hound (D:3)
  Terence (D:2)
  3 gnolls (D:3)
  6 adders
  A worm (D:3)
  3 dart slugs
  5 orcs (D:4)
  5 ball pythons
  8 bats
  6 endoplasms
  5 giant cockroaches
  6 goblins
  4 hobgoblins
  A quokka (D:4)
  2 frilled lizards
  7 kobolds
  7 rats
72 creatures vanquished.

Notes
Turn   | Place    | Note
-------+----------+-------------------------------------------
     0 | D:1      | Carnifexus the Demonspawn Fighter began the quest for the
                  | Orb.
     0 | D:1      | Reached XP level 1. HP: 18/18 MP: 1/1
   190 | D:1      | Gained mutation: You regenerate magic rapidly. [demonic
                  | ancestry]
   190 | D:1      | Reached XP level 2. HP: 18/24 MP: 2/2
   604 | D:1      | Gained mutation: You are partially covered in razor-sharp
                  | scales. (AC +1, Slay +1) [demonic ancestry]
   604 | D:1      | Reached XP level 3. HP: 29/29 MP: 3/3
  1014 | D:2      | Noticed Terence
  1030 | D:2      | Killed Terence
  1031 | D:2      | Gained mutation: Your demonic aura sometimes causes spilled
                  | blood to erupt in flames. [demonic ancestry]
  1031 | D:2      | Reached XP level 4. HP: 7/35 MP: 4/4
  1671 | D:2      | Found a faded altar of an unknown god.
  2206 | D:3      | Gained mutation: When hurt, damage is shared between your
                  | health and your magic reserves. [demonic ancestry]
  2206 | D:3      | Reached XP level 5. HP: 26/39 MP: 5/5
  3157 | D:4      | Found a shimmering altar of Xom.
  3292 | D:4      | Noticed an ogre
  3300 | D:4      | HP: 1/41 [orc/+0 flail (7)]
  3302 | D:4      | Slain by an orc

Illustrated notes

Levels and vault maps discovered:
D:1:      erik_arrival_triangle_small, layout_rooms, skrybe_limestone_x,
          minivault_25, minmay_misc_feat_iff, hangedman_decor_growths,
          kennysheep_crisscross
D:2:      layout_loops_corners, ebering_ecumenical_altar_rust,
          minmay_misc_feat_pillars, uniq_terence
D:3:      layout_basic
D:4:      layout_loops_ring, lemuel_doored_altar,
          mainiacjoe_overflow_concentric_impassable, serial_shops, shop,
          hangedman_glass_teeth, uniq_eustachio, uniq_duvessa

Skill      XL: |  1  2  3 |
---------------+----------+-----
Shields        | 3 |  3.8
Axes           | 2 3 |  3.6
Armour         | 3 |  3.7
Fighting       | |  3.4
Short Blades   | |  0.8
Dodging        | |  0.3

Action                   |  1- 3 |  4- 6 || total
-------------------------+-------+-------++-------
Melee: War axe           |   102 |    19 ||   121
       Dagger            |       |    84 ||    84
  Use: Scroll            |       |     1 ||     1
Armor: Scale mail        |    52 |       ||    52
       Plate armour      |       |    52 ||    52
       Chain mail        |       |     9 ||     9
Dodge: Dodged            |    39 |    35 ||    74
Block: Buckler           |    25 |    24 ||    49
